 Dungeon Crawl Stone Soup version 0.30-a0-253-g6b895097cc (webtiles) character file.

Game seed: 14044888182913443286

2503 Ijustatesigmund the Fighter (level 9, -2/60 HPs)
             Began as a Gargoyle Fighter on Oct 13, 2022.
             Slain by a kobold
             ... wielding a +2 dagger of distortion
              (19 damage)
             ... on level 7 of the Dungeon.
             The game lasted 00:12:30 (6199 turns).

Ijustatesigmund the Fighter (Gargoyle Fighter)      Turns: 6199, Time: 00:12:32

Health: -2/60      AC: 15    Str: 21    XL:     9   Next: 53%
Magic:  9/9        EV:  9    Int: 12    God:
Gold:   550        SH:  4    Dex:  9    Spells: 8/8 levels left

rFire   . . .      SeeInvis .    r - +1 morningstar (vorpal)
rCold   . . .      Faith    .    c - +0 buckler
rNeg    + . .      Spirit   .    b - +0 scale mail
rPois   ∞          Reflect  .    (no helmet)
rElec   +          Harm     .    (no cloak)
rCorr   .          Rampage  .    m - +1 pair of gloves
Will    .....                    (no boots)
Stlth   ..........               (no amulet)
HPRegen 0.30/turn                (no ring)
MPRegen 0.11/turn                (no ring)

@: no status effects
A: sickness immunity, AC +6, negative energy resistance 1, electricity
resistance, torment resistance 1, petrification resistance
a: no special abilities


You were on level 7 of the Dungeon.
You visited 1 branch of the dungeon, and saw 7 of its levels.
You also visited: Ossuary.

You collected 550 gold pieces.

Inventory:

Hand Weapons
 r - a +1 vorpal morningstar (weapon)
Missiles
 s - a throwing net (quivered)
Armour
 b - a +0 scale mail (worn)
 c - a +0 buckler (worn)
 m - a +1 pair of gloves (worn)
Jewellery
 g - a +4 ring of evasion
 o - the ring "Oluse" {*Corrode Fly rC+ rN+ SInv}
   (You found it on level 6 of the Dungeon)

   [ring of flight]

   rC:        It protects you from cold.
   rN:        It protects you from negative energy.
   SInv:      It lets you see invisible.
   Fly:       It grants you flight.
   *Corrode:  It may corrode you when you take damage.
 y - a ring of positive energy
Wands
 d - a wand of charming (11)
 f - a wand of flame (2)
Scrolls
 e - a scroll of magic mapping
 h - 4 scrolls of identify
 i - a scroll of silence
 k - 2 scrolls of immolation
 l - a scroll of amnesia
 w - a scroll of blinking
Potions
 a - 3 potions of magic
 j - a potion of degeneration {unknown}
 n - 4 potions of attraction
 q - 2 potions of flight
 t - a potion of curing
 u - 3 potions of mutation
 z - 2 potions of resistance
 A - a potion of brilliance
 B - 2 potions of cancellation


   Skills:
 + Level 8.8 Fighting
 + Level 7.6 Maces & Flails
 - Level 3.2 Armour
 - Level 3.2 Shields
 + Level 6.2 Evocations


You had 8 spell levels left.
You didn't know any spells.
Your spell library contained the following spells:

 Spells                   Type           Power      Damage    Failure   Level
 Foxfire                  Conj/Fire      0%         2x1d4     75%         1
 Slow                     Hex            0%         N/A       75%         1
 Confusing Touch          Hex            0%         N/A       98%         3
 Ignite Poison            Fire/Tmut/Pois 0%         N/A       98%         3
 Kindle Blastsparks       Fire/Tloc/Air  0%         2d10      98%         3
 Vampiric Draining        Necr           0%         2d6       98%         3
 Fireball                 Conj/Fire      0%         3d3       100%        5
 Freezing Cloud           Conj/Ice/Air   0%         6-21      100%        5
 Starburst                Conj/Fire      0%         6d3       100%        6


Dungeon Overview and Level Annotations

Branches:
Dungeon (7/15)             Temple (0/1) D:7         Ossuary (visited)

Altars:
Ru
Sif Muna
Trog
Uskayaw
Vehumet
Wu Jian
Xom

Shops:
D:5 *

Annotations:
D:6 3 runed translucent doors, anet's ghost, amateur GnDe


Innate Abilities, Weirdness & Mutations

You are immune to sickness and miasma.
Your stone body is resilient. (AC +6)
You are immune to poison.
You resist negative energy. (rN+)
You are resistant to electric shocks. (rElec)
You are resistant to unholy torment.
You are immune to petrification.


Message History

You are too injured to fight recklessly!
You are too injured to fight recklessly!
You are too injured to fight recklessly!
You are too injured to fight recklessly!
You are too injured to fight recklessly!
You are too injured to fight recklessly!
You are too injured to fight recklessly!
You are too injured to fight recklessly!
You are too injured to fight recklessly!
You are too injured to fight recklessly!
You are too injured to fight recklessly!
You are too injured to fight recklessly!
You are too injured to fight recklessly!
You are too injured to fight recklessly!
You are too injured to fight recklessly!
Unknown command.
You closely miss the kobold.
The kobold hits you but does no damage. x2
Space warps horribly around you!
* * * LOW HITPOINT WARNING * * *
The kobold barely misses you. The kobold hits you but does no damage.
You closely miss the kobold. You block the kobold's attack.
The kobold hits you with a +2 dagger of distortion.
* * * LOW HITPOINT WARNING * * *
Space warps horribly around you!
* * * LOW HITPOINT WARNING * * *
The kobold hits you but does no damage. The kobold barely misses you.
Unknown command.
You feel better. You block the kobold's attack. The kobold barely misses you.
The kobold hits you but does no damage. x2
Aiming: Charm
Press: ? - help, Shift-Dir - straight line, f - kobold
Aim: a kobold, wielding a +0 short sword and quivering stones (chance to affect: 79%)
The kobold barely resists.
The kobold closely misses you.
The kobold hits you but does no damage. x3
Aiming: Charm
Press: ? - help, Shift-Dir - straight line, f/p - kobold
Aim: a kobold, wielding a +0 short sword and quivering stones (chance to affect: 79%)
The kobold is charmed.
The kobold hits you but does no damage. Space warps horribly around you!!
You die...

.>. #.... #### .... ... ..##
#.#####...# #.........#..
#.K)K.!...... #.#@K........
#.# ####.K.#.###### ...
.....###.# #.# ####.###...##
#.# ..##.# ###.# #.# #.##.#
#.####### #.# #.##.#
#.......# ##.#
###.##.########....##
##.###....#..##..###.....###


You could see 3 kobolds and a friendly kobold (charmed).

Vanquished Creatures
  Grinder (D:5)
  Prince Ribbit (D:6)
  A wraith (D:6)
  A steam dragon (D:6)
  Duvessa (D:6)
  A water moccasin (D:6)
  2 ogres (D:5)
  Blork the orc (D:5)
  2 kobold brigands
  A gnoll sergeant (D:5)
  3 scorpions
  Dowan (D:6)
  A howler monkey (D:5)
  3 hounds
  An orc priest (D:4)
  2 gnoll boudas (D:5)
  5 jellies
  Terence (D:3)
  Ijyb (D:5)
  5 iguanas
  An orc wizard (D:5)
  8 mummies (Ossuary)
  11 gnolls
  5 adders
  2 white imps (D:6)
  A worm (D:2)
  A dart slug (D:2)
  18 orcs
  5 ball pythons
  8 endoplasms
  2 gnoll zombies (Ossuary)
  6 goblins
  8 hobgoblins
  3 jackals (D:5)
  6 quokkas
  3 bats
  4 frilled lizards
  2 hobgoblin zombies (Ossuary)
  14 kobolds
  A kobold zombie (Ossuary)
  3 orc zombies (Ossuary)
  5 rats
152 creatures vanquished.

Vanquished Creatures (others)
  A white imp (D:6)
  An ufetubus (D:6)
  2 plants (D:5)
4 creatures vanquished.

Grand Total: 156 creatures vanquished

Notes
Turn   | Place    | Note
-------+----------+-------------------------------------------
     0 | D:1      | Ijustatesigmund the Gargoyle Fighter began the quest for
                  | the Orb.
     0 | D:1      | Reached XP level 1. HP: 14/14 MP: 1/1
   184 | D:1      | Reached XP level 2. HP: 19/19 MP: 2/2
   693 | D:2      | Reached skill level 4 in Fighting
   693 | D:2      | Reached XP level 3. HP: 24/24 MP: 3/3
  1601 | D:3      | Reached XP level 4. HP: 25/30 MP: 4/4
  1629 | D:3      | Found a shimmering blue altar of Sif Muna.
  1828 | D:3      | Noticed Terence
  1833 | D:3      | Killed Terence
  1834 | D:3      | Reached skill level 1 in Evocations
  2120 | D:4      | Reached XP level 5. HP: 5/34 MP: 5/5
  2421 | D:4      | Noticed a +0 hand axe
  2422 | D:4      | Found a hide-covered altar of Uskayaw.
  2422 | D:4      | Noticed a +0 hand axe
  2745 | D:4      | Reached skill level 5 in Fighting
  2745 | D:4      | Reached XP level 6. HP: 23/40 MP: 6/6
  3027 | D:5      | Entered Level 5 of the Dungeon
  3089 | D:5      | Found a radiant altar of Vehumet.
  3106 | D:5      | Noticed Blork the orc
  3125 | D:5      | Reached XP level 7. HP: 45/45 MP: 7/7
  3128 | D:5      | Killed Blork the orc
  3129 | D:5      | Reached skill level 6 in Fighting
  3133 | D:5      | Reached skill level 5 in Maces & Flails
  3233 | D:5      | Found a sand-covered staircase.
  3246 | Ossuary  | Entered an ossuary
  3830 | D:5      | Identified the +1 robe "Ufinnav" {rPois Dex+2 Archmagi}
  3850 | D:5      | Reached XP level 8. HP: 31/52 MP: 8/8
  3851 | D:5      | Noticed Ijyb
  4041 | D:5      | Noticed Grinder
  4078 | D:5      | Killed Grinder
  4079 | D:5      | Reached skill level 7 in Fighting
  4180 | D:5      | Killed Ijyb
  4656 | D:5      | Found Famon's CLEARANCE SALE!.
  4686 | D:5      | Found an ornate altar of the Wu Jian Council.
  4811 | D:6      | Noticed anet's ghost (amateur GnDe)
  4815 | D:6      | Found a runed translucent gate.
  4815 | D:6      | Found a runed translucent gate.
  4815 | D:6      | Found a runed translucent gate.
  4816 | D:6      | Noticed a cyclops
  4872 | D:6      | Noticed Duvessa
  4885 | D:6      | Noticed Dowan
  4887 | D:6      | Killed Duvessa
  4888 | D:6      | Reached skill level 5 in Evocations
  4916 | D:6      | Noticed a wraith
  5102 | D:6      | Identified the +5 hand axe of Pyromania {freeze, rElec
                  | Dex+7}
  5121 | D:6      | Reached XP level 9. HP: 13/59 MP: 9/9
  5161 | D:6      | Reached skill level 8 in Fighting
  5496 | D:6      | Found a bloodstained altar of Trog.
  5496 | D:6      | Found a sacrificial altar of Ru.
  5497 | D:6      | Found a shimmering altar of Xom.
  5500 | D:6      | Identified the ring "Oluse" {*Corrode Fly rC+ rN+ SInv}
  5545 | D:6      | Killed Dowan
  5822 | D:6      | Noticed Prince Ribbit
  5851 | D:6      | Killed Prince Ribbit
  6185 | D:7      | Found a staircase to the Ecumenical Temple.
  6199 | D:7      | Slain by a kobold

Illustrated notes

Levels and vault maps discovered:
D:1:      dpeg_arrival_central, layout_rooms
D:2:      layout_basic, minmay_tetromino_o2
D:3:      layout_loops_cross, mainiacjoe_overflow_chevrons, uniq_terence
D:4:      layout_cave_pools, dancing_weapons_uskayaw
D:5:      layout_rooms, nicolae_wu_jian_immortal_techniques,
          vehumet_altar_wand_db, enter_ossuary_2, serial_bayou_pond_d,
          serial_bayou_pond_e, nicolae_shop_clearance, uniq_ijyb, uniq_grinder,
          uniq_blork_the_orc
D:6:      layout_loops_ring, gammafunk_temple_overflow_forgotten,
          gammafunk_ghost_split, chequers_serial_rivers_small_3,
          uniq_prince_ribbit1, uniq_duvessa
D:7:      kennysheep_housing_project, layout_loops_ring,
          minmay_temple_entry_tees, dk_vineyard_1, uniq_menkaure, uniq_maggie

Skill      XL: |  1  2  3  4  5  6  7  8  9 |
---------------+----------------------------+-----
Fighting       | 4 5 6 7 8 |  8.8
Maces & Flails | 3 4 5 6 7 |  7.6
Evocations     | 1 2 3 5 6 |  6.2
Armour         | |  3.2
Shields        | |  3.2

Action                   |  1- 3 |  4- 6 |  7- 9 || total
-------------------------+-------+-------+-------++-------
Melee: Flail             |   159 |    28 |       ||   187
       Morningstar       |       |    74 |   314 ||   388
Evoke: Wand              |       |     2 |    10 ||    12
  Use: Potion            |       |     1 |     7 ||     8
       Scroll            |       |     7 |    17 ||    24
Armor: Scale mail        |    90 |    56 |   206 ||   352
Dodge: Dodged            |    69 |    46 |   175 ||   290
Block: Buckler           |    37 |    16 |    80 ||   133

Table legend: (Time is in decaauts)
 A = Elapsed time spent in this place.
 B = Non-inter-level travel time spent in this place.
 C = Inter-level travel time spent in this place.
 D = Time resting spent in this place.
 E = Time spent auto-exploring this place.
 F = Levels seen in this place.
 G = Mean time per level.
                   A        B        C        D        E       F      G
               +--------+--------+--------+--------+--------+-----+--------+
         Total |   6362 |   6142 |    220 |   1371 |   3343 |   8 |  795.2 |
       Dungeon |   5786 |   5566 |    220 |   1189 |   3094 |   7 |  826.6 |
       Ossuary |    575 |    575 |      0 |    182 |    249 |   1 |  575.0 |
               +--------+--------+--------+--------+--------+-----+--------+

Top non-repeatable levels by time:
     D:6: 1364 daAuts
     D:4: 998 daAuts
     D:5: 976 daAuts
     D:3: 968 daAuts
     D:2: 729 daAuts
     D:1: 662 daAuts
 Ossuary: 575 daAuts
     D:7: 87 daAuts
